Map: Odyssey LE

Players

Indy

  • Race: Protoss Protoss
  • Spawn Location: 11:00

Strange - Winner!

  • Race: Protoss Protoss
  • Spawn Location: 5:00

Event: WCS Valencia 2017

VOD

Have the link to the VOD?

Description

Time

  • Played on: July 13, 2017, 8:08 a.m.
  • Length: 9:32

All games in this series

Show
View Real Time Build Order
Export as new Build Order

Indy Protoss 

Build Orders:  

Get SALT Encoding   

  12  0:00  Probe (Chrono Boost)  
  13  0:11  Probe (Chrono Boost)  
  14  0:17  Pylon  
  14  0:21  Probe (Chrono Boost)  
  15  0:36  Probe (Chrono Boost), Gateway  
  16  0:42  Assimilator  
  16  0:46  Probe (Chrono Boost)  
  17  0:50  Assimilator  
  18  0:57  Probe (Chrono Boost)  
  18  1:03  Gateway  
  18  1:07  Probe (Chrono Boost)  
  19  1:18  Probe (Chrono Boost)  
  20  1:25  Cybernetics Core  
  20  1:28  Probe (Chrono Boost)  
  21  1:33  Pylon  
  21  1:39  Probe (Chrono Boost)  
  22  1:49  Probe (Chrono Boost)  
  25  2:01  Stalker, Mothership Core (Chrono Boost)  
  25  2:02  Warp Gate (Chrono Boost)  
  25  2:08  Stalker  
  29  2:17  Pylon  
  29  2:19  Probe (Chrono Boost)  
  30  2:41  Nexus  
  30  2:48  Sentry  
  32  2:55  Stalker  
  34  3:01  Probe (Chrono Boost)  
  35  3:13  Probe  
  35  3:14  Pylon  
  36  3:25  Probe  
  35  3:28  Robotics Facility  
  35  3:37  Probe  
  36  3:44  Twilight Council  
  36  3:50  Probe (Chrono Boost)  
  36  3:53  Probe (Chrono Boost)  
  38  4:01  Probe (Chrono Boost)  
  39  4:04  Probe (Chrono Boost)  
  39  4:06  Sentry, Stalker  
  44  4:11  Probe (Chrono Boost)  
  44  4:14  Probe (Chrono Boost)  
  44  4:15  Observer  
  47  4:17  Blink (Chrono Boost)  
  47  4:22  Probe (Chrono Boost)  
  48  4:25  Probe (Chrono Boost)  
  49  4:32  Probe (Chrono Boost)  
  49  4:34  Probe (Chrono Boost)  
  51  4:40  Immortal (Chrono Boost)  
  51  4:44  Probe x2  
  54  4:54  Probe  
  54  4:56  Probe  
  56  5:01  Gateway  
  56  5:03  Gateway  
  56  5:06  Probe (Chrono Boost)  
  57  5:07  Pylon  
  57  5:08  Probe (Chrono Boost)  
  58  5:15  Immortal (Chrono Boost)  
  62  5:22  Pylon  
  62  5:26  Gateway, Assimilator  
  62  5:27  Gateway  
  62  5:29  Sentry, Assimilator  
  64  5:37  Probe (Chrono Boost)  
  64  5:42  Sentry  
  67  5:52  Warp Prism (Chrono Boost)  
  69  5:57  Sentry  
  69  6:00  Stalker  
  69  6:02  Pylon  
  69  6:03  Pylon  
  73  6:06  Pylon  
  73  6:07  Stalker x2  
  77  6:13  Pylon  
  77  6:24  Observer (Chrono Boost)  
  78  6:27  Stalker x3  
  84  6:38  Nexus  
  84  6:53  Stalker x5  
  94  6:57  Stalker  
  96  7:07  Probe x2  
  98  7:13  Immortal (Chrono Boost)  
  102  7:19  Probe x2  
  104  7:26  Stalker  
  104  7:27  Stalker x2  
  110  7:38  Pylon  
  110  7:42  Pylon  
  110  7:48  Charge  
  110  7:50  Immortal (Chrono Boost)  
  115  7:56  Forge  
  114  7:58  Stalker x3  
  120  8:13  Stalker x3  
  126  8:24  Immortal (Chrono Boost)  
  130  8:32  Stalker  
  130  8:33  Stalker x2  
  136  8:43  Probe  
  136  8:44  Probe x2  
  119  8:58  Zealot x2  
  119  9:01  Zealot  
  105  9:06  Stalker x3  
  75  9:22  Stalker  
Show
View Real Time Build Order
Export as new Build Order

Strange Protoss - Winner!

Build Orders:  

Get SALT Encoding   

  12  0:00  Probe (Chrono Boost)  
  13  0:11  Probe (Chrono Boost)  
  14  0:18  Pylon  
  14  0:22  Probe (Chrono Boost)  
  15  0:36  Probe (Chrono Boost), Gateway  
  15  0:41  Assimilator  
  16  0:47  Probe (Chrono Boost)  
  17  0:50  Assimilator  
  17  0:57  Probe (Chrono Boost)  
  18  1:08  Probe (Chrono Boost)  
  18  1:11  Gateway  
  19  1:18  Probe (Chrono Boost)  
  19  1:24  Cybernetics Core  
  20  1:29  Probe (Chrono Boost)  
  21  1:33  Pylon  
  21  1:39  Probe (Chrono Boost)  
  22  1:51  Probe (Chrono Boost)  
  23  2:00  Stalker x2  
  27  2:02  Mothership Core (Chrono Boost)  
  29  2:10  Pylon  
  29  2:12  Warp Gate (Chrono Boost)  
  29  2:20  Probe  
  30  2:42  Nexus  
  30  2:50  Stalker  
  32  2:57  Stalker  
  34  3:00  Probe  
  35  3:07  Pylon  
  35  3:12  Probe  
  34  3:27  Sentry  
  34  3:29  Probe, Sentry  
  34  3:32  Robotics Facility  
  39  3:41  Probe  
  39  3:46  Twilight Council  
  40  3:52  Probe (Chrono Boost)  
  40  3:54  Probe (Chrono Boost)  
  42  4:04  Probe (Chrono Boost)  
  42  4:05  Probe (Chrono Boost)  
  42  4:08  Adept x2  
  48  4:15  Probe (Chrono Boost)  
  48  4:16  Probe (Chrono Boost)  
  50  4:19  Observer  
  50  4:22  Forge  
  51  4:25  Probe (Chrono Boost)  
  51  4:26  Probe (Chrono Boost)  
  53  4:33  Assimilator  
  53  4:36  Probe (Chrono Boost)  
  53  4:37  Probe (Chrono Boost)  
  55  4:41  Blink  
  55  4:46  Probe (Chrono Boost)  
  55  4:50  Probe (Chrono Boost), Protoss Ground Weapons Level 1 (Chrono Boost)  
  55  4:55  Probe (Chrono Boost)  
  54  5:03  Nexus  
  54  5:07  Pylon  
  54  5:08  Probe x2  
  54  5:12  Sentry  
  58  5:21  Immortal (Chrono Boost)  
  62  5:24  Probe  
  62  5:25  Probe  
  62  5:28  Assimilator  
  64  5:34  Probe  
  64  5:36  Pylon  
  64  5:37  Probe  
  66  5:45  Probe, Gateway  
  66  5:46  Gateway  
  67  5:56  Sentry  
  69  6:00  Immortal (Chrono Boost)  
  69  6:02  Stalker  
  75  6:04  Pylon  
  75  6:15  Gateway  
  75  6:16  Gateway  
  75  6:17  Pylon  
  75  6:23  Protoss Ground Weapons Level 2 (Chrono Boost), Stalker  
  75  6:25  Stalker, Phoenix  
  79  6:35  Pylon  
  79  6:36  Immortal (Chrono Boost)  
  83  6:47  Stalker x2  
  83  6:52  Sentry, Stalker  
  91  7:07  Pylon  
  91  7:09  Pylon  
  91  7:12  Immortal (Chrono Boost)  
  94  7:17  Stalker x3  
  94  7:22  Pylon  
  100  7:28  Sentry, Stalker  
  104  7:30  Stalker  
  106  7:37  Pylon  
  106  7:46  Warp Prism (Chrono Boost)  
  108  7:54  Nexus  
  108  7:56  Pylon  
  108  8:00  Sentry  
  108  8:01  Sentry x2  
  114  8:14  Stalker  
  114  8:15  Zealot, Stalker  
  114  8:17  Observer (Chrono Boost), Pylon  
  121  8:27  Stalker x2  
  121  8:30  Stalker  
  89  9:05  Stalker x6  
Tags
 
Add a new tag
Caveats
  • Supply blocks, unpowered buildings, or Contaminate may cause inaccurate times.
  • Supply counts are checked every 10 seconds.